 Dungeon Crawl Stone Soup version 0.26-a0-651-gb41185065b (webtiles) character file.

Game seed: 7382057593115554089

89281 Flugslaktarn the Severer (level 15, -2/146 HPs)
             Began as a Deep Dwarf Fighter on Oct 14, 2020.
             Was the Champion of Makhleb.
             Blown up by an orb spider (38 damage)
             ... with an orb of destruction
             ... on level 4 of the Spider Nest.
             The game lasted 00:12:31 (16439 turns).

Flugslaktarn the Severer (Deep Dwarf Fighter)      Turns: 16439, Time: 00:12:31

Health: -2/146     AC: 16    Str: 21    XL:     15   Next: 48%
Magic:  14/14      EV: 17    Int:  9    God:    Makhleb [******]
Gold:   1650       SH:  0    Dex: 17    Spells: 14/14 levels left

rFire    . . .     SeeInvis .   j - +9 battleaxe of Witsutel {holy, *Drain +Inv rC+ MR+}
rCold    + . .     Faith    .   (shield currently unavailable)
rNeg     + . .     Spirit   .   C - +2 plate armour {rPois}
rPois    +         Reflect  .   f - +1 helmet
rElec    .         Harm     .   e - +0 cloak
rCorr    .         Rampage  .   K - +2 pair of gloves
MR       +++..                  N - +2 pair of boots
Stlth    ..........             (no amulet)
HPRegen  0.00/turn              v - +4 ring of evasion
MPRegen  0.14/turn              (no ring)

@: corroded, berserk cooldown, non-regenerating, slowed, very slow
A: damage resistance, heal wounds, negative energy resistance 1, sense
surroundings 2, no regeneration
a: Heal Wounds, Minor Destruction, Lesser Servant of Makhleb, Major Destruction,
Greater Servant of Makhleb, Renounce Religion, Evoke Invisibility


You were on level 4 of the Spider Nest.
You worshipped Makhleb.
Makhleb was exalted by your worship.
You visited 5 branches of the dungeon, and saw 26 of its levels.
You also visited: Sewer.

You collected 2942 gold pieces.
You spent 1292 gold pieces at shops.

Inventory:

Hand Weapons
 j - the +9 battleaxe of Witsutel (weapon) {holy, *Drain +Inv rC+ MR+}
   (You took it off an orc warrior on level 4 of the Dungeon)

   It has been blessed by the Shining One to cause great damage to the undead
   and demons.
   It protects you from cold.
   It affects your resistance to hostile enchantments.
   It lets you turn invisible.
   It causes draining when unequipped.
 P - a +4 broad axe of draining
   (You found it on level 13 of the Dungeon)
Missiles
 A - 3 throwing nets (quivered)
Armour
 c - a +0 kite shield
 e - a +0 cloak (worn)
   (You found it on level 4 of the Dungeon)
 f - a +1 helmet (worn)
   (You found it on level 1 of the Lair of Beasts)
 C - a +2 plate armour of poison resistance (worn)
   (You bought it in a shop on level 2 of the Orcish Mines)
 K - a +2 pair of gloves (worn)
   (You found it on level 12 of the Dungeon)
 N - a +2 pair of boots (worn)
   (You found it on level 13 of the Dungeon)
Jewellery
 v - a +4 ring of evasion (left hand)
   (You found it on level 11 of the Dungeon)
Wands
 h - a wand of iceblast (36)
   (You found it in a sewer)
 B - a wand of paralysis (22)
   (You found it on level 4 of the Lair of Beasts)
 L - a wand of enslavement (21)
   (You found it on level 12 of the Dungeon)
 M - a wand of polymorph (3)
   (You found it on level 13 of the Dungeon)
Scrolls
 a - 2 scrolls of fog
 k - 5 scrolls of immolation
 l - 3 scrolls of magic mapping
 m - a scroll of blinking
 o - 2 scrolls of vulnerability
 p - 2 scrolls of fear
 r - 8 scrolls of identify
 t - 5 scrolls of teleportation
 x - 14 scrolls of remove curse
 G - a scroll of brand weapon
Potions
 b - a potion of mutation {unknown}
 d - 2 potions of might
 g - 3 potions of cancellation
 i - a potion of magic
 n - 4 potions of resistance
 q - 4 potions of curing
 w - 4 potions of heal wounds
 z - 4 potions of lignification
 D - 3 potions of flight
 I - 2 potions of invisibility


   Skills:
 + Level 12.6 Fighting
 * Level 15.8 Axes
 + Level 12.0 Armour
 + Level 11.4 Dodging
 - Level 4.1 Shields
 + Level 13.1 Invocations
 - Level 10.0 Evocations


You had 14 spell levels left.
You didn't know any spells.
Your spell library was empty.

Dungeon Overview and Level Annotations

Branches:
Dungeon (15/15)            Temple (1/1) D:4            Lair (4/6) D:8
  Swamp (0/4) Lair:2       Spider (4/4) Lair:4          Orc (2/2) D:10
    Elf (0/3) Orc:2        Vaults (0/5) D:13         Depths (0/5) D:15
  Sewer (visited)

Altars:
Ashenzari
Cheibriados
Dithmenos
Elyvilon
Fedhas
Gozag
Hepliaklqana
Kikubaaqudgha
Makhleb
Nemelex Xobeh
Okawaru
Qazlal
Ru
Sif Muna
Trog
Uskayaw
Vehumet
Wu Jian
Xom
Yredelemnul
Zin
The Shining One
Beogh

Shops:
D:9 ?   D:10 :   D:13 [   Orc:1 [*[?[   Orc:2 ![([

Annotations:
D:15 8 exclusions
Orc:1 1 runed translucent door, Kuptoy's ghost, journeyman DESu


Innate Abilities, Weirdness & Mutations

You are resistant to damage.
You can heal yourself by infusing magical energy.
You resist negative energy. (rN+)
You passively map the area around you.
You do not regenerate.


Message History

The orb spider begins to weave its threads into a brightly glowing ball.
You closely miss the orb spider.
The orb spider weaves a glowing orb of energy. x2
The wavering orb of destruction weakly hits you!
An orb of destruction comes into view.
Unknown command.
The wavering orb of destruction hits you!!
The orb spider begins to weave its threads into a brightly glowing ball.
Evoke which item? (* to show all) (? for menu, Esc to quit)
Okay, then.
You fail to use your ability.
The orb spider pulsates with a strange energy.
The orb spider weaves a glowing orb of energy. x2 2 orbs of destruction come into view.
The orb spider spins a strand of pure energy.
There is a stone staircase leading up here.
The orb of destruction hits you!!
* * * LOW HITPOINT WARNING * * *
The orb of destruction hits you!!!
You die...

^........, ... . ,
* ^....... .., #..
**#^....####.##....
, #.......#†......
#....†...s#.....,,
* #........†..#, ,
, ##^†....°○#..#,
##.†.☼○○°s##^(.
#...@○....# .}*
#^..#....## .*
#####.....^# ,, ,
.s!....#, ........#
, * , ....##.^# , *
....# ##^ ,.##
,*,,, , , , , ,


You could see 3 orb spiders.

Vanquished Creatures
  An orc warlord (Orc:1)
  An ettin (D:15)
  A fire dragon (D:14)
  3 ogre magi
  A hydra (D:14)
  Harold (D:8)
  4 vault guards (D:13)
  Erica (D:8)
  6 centaur warriors
  7 two-headed ogres
  2 tengu warriors
  4 orc high priests (Orc:2)
  A hell knight (D:15)
  Nergalle (Orc:1)
  A wolf spider zombie (D:14)
  23 ugly things
  An orb spider (Spider:2)
  2 deep elf magi
  3 orc knights
  6 orc sorcerers
  9 cyclopes
  9 wolf spiders
  A moth of wrath (Spider:4)
  A manticore (D:13)
  11 elephants (Lair:3)
  Joseph (D:7)
  8 cane toads
  3 black mambas
  A gargoyle (D:14)
  A torpor snail (Spider:1)
  2 demonic crawlers
  An efreet (D:14)
  5 komodo dragons
  2 freezing wraiths (D:15)
  A redback zombie (D:15)
  10 jumping spiders
  5 trolls
  4 polar bears (Lair:3)
  A meliai (D:12)
  A hornet (Spider:1)
  8 hippogriffs
  5 slime creatures (D:15)
  10 blink frogs (Lair:4)
  A centaur simulacrum (D:15)
  8 redbacks
  A shadow (D:12)
  3 tarantellas
  2 wraiths
  2 vampires (D:14)
  3 wyverns
  6 yaks
  A basilisk (Lair:3)
  7 humans (D:13)
  The ghost of kae the Ruffian, an amateur DrTm (D:4)
  9 vampire mosquitoes
  5 wargs
  5 water moccasins
  An acid dragon (D:14)
  3 porcupines
  29 orc warriors
  2 sky beasts
  A black bear (D:12)
  3 phantoms
  3 ice beasts
  3 boggarts (D:15)
  2 eyes of draining
  A necrophage (D:13)
  11 ogres
  18 centaurs
  7 crocodiles
  18 bullfrogs
  A big kobold (D:10)
  A gnoll sergeant (D:13)
  A wyvern zombie (D:14)
  6 killer bees (D:10)
  A scorpion (D:9)
  9 wights
  An electric eel (Lair:4)
  A vampire bat (Lair:3)
  A howler monkey (D:12)
  A bullfrog zombie (D:8)
  A centaur zombie (D:12)
  39 orc priests
  3 centaur skeletons
  10 hounds
  Crazy Yiuf (D:7)
  2 bullfrog skeletons
  4 jellies
  5 iguanas
  38 orc wizards
  Jessica (D:2)
  7 worker ants
  A killer bee zombie (D:9)
  A hound skeleton (D:11)
  9 gnolls
  A howler monkey zombie (D:6)
  10 adders
  3 shadow imps (D:5)
  3 white imps
  An ufetubus (D:8)
  2 adder skeletons
  A worm (D:5)
  8 leopard geckos
  102 orcs
  3 ball pythons (Sewer)
  11 bats
  8 giant cockroaches
  3 goblins
  4 hobgoblins (D:2)
  6 jackals
  7 kobolds
  2 quokkas
  10 frilled lizards
  4 rats
660 creatures vanquished.

Vanquished Creatures (collateral kills)
  Snorg (D:11)
  A great orb of eyes (D:14)
  A vault guard (D:13)
  3 hydras
  A two-headed ogre (D:13)
  2 ugly things
  4 slime creatures (D:15)
  A yak (D:14)
  A jelly (D:14)
  An orc wizard (D:14)
  A hound (D:14)
17 creatures vanquished.

Vanquished Creatures (others)
  An entropy weaver (Spider:4)
  A sky beast (D:14)
  12 fungi
  10 plants
24 creatures vanquished.

Grand Total: 701 creatures vanquished

Notes
Turn   | Place    | Note
-------+----------+-------------------------------------------
     0 | D:1      | Flugslaktarn the Deep Dwarf Fighter began the quest for the
                  | Orb.
     0 | D:1      | Reached XP level 1. HP: 20/20 MP: 1/1
   125 | D:2      | Noticed Jessica
   130 | D:2      | Killed Jessica
   130 | D:2      | Reached XP level 2. HP: 15/28 MP: 2/2
   130 | D:2      | Reached XP level 3. HP: 18/34 MP: 3/3
   242 | D:2      | Reached skill level 3 in Axes
   458 | D:3      | Reached XP level 4. HP: 24/42 MP: 4/4
   606 | D:3      | Reached XP level 5. HP: 32/50 MP: 5/5
   868 | D:5      | Entered Level 5 of the Dungeon
   891 | D:5      | Noticed a two-headed ogre
   895 | D:5      | Reached skill level 4 in Axes
   991 | D:4      | Found a staircase to the Ecumenical Temple.
  1036 | Temple   | Entered the Ecumenical Temple
  1043 | Temple   | Became a worshipper of Makhleb the Destroyer
  1088 | D:4      | Reached XP level 6. HP: 45/57 MP: 6/6
  1149 | D:4      | Reached skill level 1 in Invocations
  1209 | D:4      | Found a runed translucent gate.
  1210 | D:4      | Found a runed translucent gate.
  1210 | D:4      | Identified the +9 battleaxe of Witsutel {holy, *Drain +Inv
                  | rC+ MR+}
  1210 | D:4      | Noticed an orc warrior
  1211 | D:4      | Found a runed translucent gate.
  1211 | D:4      | Found a roughly hewn altar of Beogh.
  1211 | D:4      | Noticed kae's ghost (amateur DrTm)
  1221 | D:4      | Reached skill level 1 in Dodging
  1257 | D:4      | Killed an orc warrior
  1257 | D:4      | Reached skill level 5 in Axes
  1257 | D:4      | Reached XP level 7. HP: 27/66 MP: 8/8
  1281 | D:4      | Killed kae's ghost
  1511 | D:4      | Found a hide-covered altar of Uskayaw.
  1512 | D:4      | Found a white marble altar of Elyvilon.
  1712 | D:6      | Found a glowing drain.
  1731 | Sewer    | Entered a sewer
  1739 | Sewer    | Reached * piety under Makhleb
  1739 | Sewer    | Reached skill level 5 in Fighting
  1916 | Sewer    | Reached skill level 5 in Armour
  2188 | D:6      | Reached skill level 6 in Axes
  2188 | D:6      | Reached XP level 8. HP: 62/75 MP: 9/9
  2200 | D:6      | Found an iron altar of Okawaru.
  2629 | D:6      | Found a shimmering blue altar of Sif Muna.
  2761 | D:6      | Found a hazy altar of Hepliaklqana.
  2799 | D:7      | Found a snail-covered altar of Cheibriados.
  2928 | D:7      | Found a runed translucent door.
  2929 | D:7      | Noticed Crazy Yiuf
  2972 | D:7      | Reached ** piety under Makhleb
  2985 | D:7      | Reached skill level 7 in Axes
  3642 | D:7      | Noticed Joseph
  3657 | D:7      | Killed Joseph
  3657 | D:7      | Reached skill level 5 in Invocations
  3657 | D:7      | Gained mutation: You passively map the area around you.
                  | [Deep Dwarf growth]
  3657 | D:7      | Reached XP level 9. HP: 34/85 MP: 9/9
  3735 | D:7      | Noticed a cyclops
  3735 | D:7      | HP: 1/85 [cyclops/large rock (33)]
  3754 | D:7      | Killed a cyclops
  4002 | D:7      | Killed Crazy Yiuf
  4073 | D:8      | Noticed Harold
  4081 | D:8      | Reached skill level 8 in Axes
  4089 | D:8      | Killed Harold
  4089 | D:8      | Reached skill level 5 in Dodging
  4155 | D:8      | Noticed Erica
  4166 | D:8      | Killed Erica
  4166 | D:8      | Reached skill level 9 in Axes
  4166 | D:8      | Reached XP level 10. HP: 62/96 MP: 10/10
  4232 | D:8      | Found a staircase to the Lair.
  4256 | D:8      | Found a sacrificial altar of Ru.
  4265 | D:8      | Reached *** piety under Makhleb
  4758 | D:9      | Found a shadowy altar of Dithmenos.
  4951 | D:9      | Reached **** piety under Makhleb
  5052 | D:9      | Reached skill level 10 in Axes
  5157 | D:9      | Found Akociato's Magic Scroll Boutique.
  5167 | D:9      | Bought a scroll of blinking for 105 gold pieces
  5323 | D:10     | Entered Level 10 of the Dungeon
  5338 | D:10     | Found a staircase to the Orcish Mines.
  5345 | D:10     | Found Zofas's Book Shoppe.
  5513 | D:10     | Reached XP level 11. HP: 95/104 MP: 10/10
  5823 | D:11     | Noticed Snorg
  5851 | D:11     | Killed Snorg
  6383 | D:11     | Noticed a deep elf mage
  6391 | D:11     | Noticed a centaur warrior
  6391 | D:11     | Killed a deep elf mage
  6402 | D:11     | Killed a centaur warrior
  6800 | D:5      | Killed a two-headed ogre
  7400 | D:12     | Noticed a centaur warrior
  7401 | D:12     | Reached skill level 11 in Axes
  7407 | D:12     | Noticed an ogre mage
  7407 | D:12     | Killed a centaur warrior
  7407 | D:12     | Reached ***** piety under Makhleb
  7416 | D:12     | Killed an ogre mage
  7474 | D:12     | Reached skill level 10 in Fighting
  7474 | D:12     | Reached skill level 1 in Evocations
  7538 | D:12     | Identified the +9 hunting sling of the Elven Halls {freeze,
                  | MR+}
  7798 | D:12     | Noticed a six-headed hydra
  7808 | D:12     | Killed a six-headed hydra
  7830 | D:12     | Reached XP level 12. HP: 59/116 MP: 11/11
  8381 | D:13     | Noticed a two-headed ogre
  8381 | D:13     | Noticed a two-headed ogre
  8382 | D:13     | Noticed a two-headed ogre
  8382 | D:13     | Noticed an ogre mage
  8393 | D:13     | Killed a two-headed ogre
  8394 | D:13     | Noticed a two-headed ogre
  8402 | D:13     | Killed a two-headed ogre
  8404 | D:13     | Killed a two-headed ogre
  8413 | D:13     | Killed a two-headed ogre
  8413 | D:13     | Reached skill level 12 in Axes
  8428 | D:13     | Noticed a two-headed ogre
  8429 | D:13     | Killed an ogre mage
  8439 | D:13     | Killed a two-headed ogre
  8481 | D:13     | Noticed a centaur warrior
  8494 | D:13     | Killed a centaur warrior
  8503 | D:13     | Found Baig's Armour Shop.
  8697 | D:13     | Noticed a vault guard
  8699 | D:13     | Noticed a vault guard
  8701 | D:13     | Noticed a vault guard
  8702 | D:13     | Noticed a vault guard
  8723 | D:13     | Killed a vault guard
  8731 | D:13     | Killed a vault guard
  8733 | D:13     | Killed a vault guard
  8733 | D:13     | Reached skill level 10 in Invocations
  8741 | D:13     | Killed a vault guard
  9150 | D:13     | Found a gate to the Vaults.
  9698 | D:14     | Reached skill level 5 in Evocations
  9698 | D:14     | Reached XP level 13. HP: 114/127 MP: 13/13
 10074 | D:14     | Noticed a fire dragon
 10085 | D:14     | Killed a fire dragon
 10085 | D:14     | Reached skill level 13 in Axes
 10090 | D:14     | Reached skill level 10 in Armour
 10291 | D:14     | Noticed a fire giant
 10291 | D:14     | Noticed a sphinx
 10293 | D:14     | Noticed a storm dragon
 10297 | D:14     | Noticed a sphinx
 10329 | D:15     | Entered Level 15 of the Dungeon
 10865 | D:15     | Reached skill level 14 in Axes
 10865 | D:15     | Gained mutation: You resist negative energy. (rN+) [Deep
                  | Dwarf growth]
 10865 | D:15     | Reached XP level 14. HP: 84/136 MP: 13/13
 11089 | D:15     | Reached skill level 10 in Dodging
 11105 | D:15     | Found a staircase to the Depths.
 11636 | Lair:1   | Entered Level 1 of the Lair of Beasts
 12100 | Lair:2   | Found a staircase to the Swamp.
 12678 | Lair:3   | Reached ****** piety under Makhleb
 13052 | Lair:3   | Got a warped chain mail
 13063 | Lair:3   | Identified the +4 chain mail of Card Tricks {Regen+ Int+2}
                  | (You found it on level 3 of the Lair of Beasts)
 13503 | Lair:4   | Reached skill level 15 in Axes
 13545 | Lair:4   | Found a hole to the Spider Nest.
 14165 | Orc:1    | Entered Level 1 of the Orcish Mines
 14186 | Orc:1    | Found Vuikeacw's Antique Armour Emporium.
 14247 | Orc:1    | Found Dugiuxka's General Store.
 14253 | Orc:1    | Found Vohathir's Antique Armour Boutique.
 14256 | Orc:1    | Found Lofylose's Magic Scroll Shop.
 14305 | Orc:1    | Noticed an orc warlord
 14308 | Orc:1    | Noticed Nergalle
 14318 | Orc:1    | Killed an orc warlord
 14334 | Orc:1    | Killed Nergalle
 14334 | Orc:1    | Reached XP level 15. HP: 118/145 MP: 14/14
 14403 | Orc:1    | Found Logul's Armour Boutique.
 14404 | Orc:1    | Found a runed translucent door.
 14404 | Orc:1    | Noticed Kuptoy's ghost (journeyman DESu)
 14661 | Orc:1    | Bought a scroll of acquirement for 780 gold pieces
 14661 | Orc:1    | Acquired 560 gold pieces
 14688 | Orc:2    | Entered Level 2 of the Orcish Mines
 14688 | Orc:2    | Found a staircase to the Elven Halls.
 14939 | Orc:2    | Found Wearuno's Weapon Emporium.
 14939 | Orc:2    | Found Yffik's Armour Emporium.
 14940 | Orc:2    | Found Yzecsa's Armour Shoppe.
 14943 | Orc:2    | Found Zoweov's Distillery.
 15452 | Orc:2    | Found a bloodstained altar of Trog.
 15667 | Orc:2    | Bought a +2 plate armour of poison resistance for 407 gold
                  | pieces
 16038 | Spider:1 | Entered Level 1 of the Spider Nest
 16352 | Spider:3 | Reached skill level 10 in Evocations
 16388 | Spider:4 | Entered Level 4 of the Spider Nest
 16439 | Spider:4 | Blown up by an orb spider

Illustrated notes

Levels and vault maps discovered:
D:1:      roderic_octagonal_star, layout_basic, nrook_uturn,
          kennysheep_another_room, minmay_close_crescents
D:2:      layout_loops_ring, kennysheep_jessica_study, uniq_jessica
D:3:      layout_loops_ring
D:4:      layout_cave_pools, minitemple, minmay_temple_entry_glass,
          biasface_ghost_orc_armoury
D:5:      layout_cave_pods, hangedman_decor_clover_reticule
D:6:      layout_loops_cross, lemuel_blue_sif_altar, lemuel_round_altar,
          marbit_many_paths, portal_sewer_entry_f, minmay_statues_item
D:7:      layout_basic, basic_altar, uniq_joseph, uniq_crazy_yiuf_cottage
D:8:      layout_rooms, nicolae_ru_awakened_eye, lair_entry_dummy, uniq_erica,
          uniq_harold
D:9:      layout_basic, nicolae_dithmenos_through_a_glass_darkly, serial_shops,
          shop_statue
D:10:     layout_big_octagon, serial_shops, shop
D:11:     layout_basic, uniq_snorg
D:12:     minmay_the_grid_octo_triangle [minmay_the_grid_octo_clover,
          minmay_the_grid_octo_prize_ultimate_mussel_roller,
          minmay_the_grid_octo_concentric], layout_stronghold,
          gauntlet_entry_generic, drop_trap
D:13:     layout_layer_cave, ximxim_vaults_locker_room, serial_shops,
          nicolae_shop_waterfront
D:14:     minmay_nested_s, layout_loops_ring, minmay_strange_pillars
D:15:     hangedman_depths_entry_civil_slaughter, layout_basic,
          minmay_lindwurm_lava
Temple:   nicolae_temple_no_exploring_needed
Lair:1:   layout_cave_pods
Lair:2:   layout_cave_pods, minmay_swamp_entry_reptiles, serial_bayou_crossing
Lair:3:   layout_chaotic_city, roderic_batcave, cheibrodos_lair_lostbears
Lair:4:   layout_small_grid, spider_nest_entry_webs, infiniplex_staircase_pool
Spider:1: layout_spider_delve, minivault_29
Spider:2: layout_chambers
Spider:3: layout_spider_delve, nicolae_spider_cling_halls, uniq_kirke
Spider:4: grunt_spider_rune_circles
Orc:1:    layout_caves, serial_shops, shop, nicolae_shop_behind_doors,
          nicolae_shop_trees, shop, shop, gammafunk_ghost_grave, uniq_nergalle
Orc:2:    st_orc_mages, layout_diamond_mine, trog_book

Skill      XL: |  1  2  3  4  5  6  7  8  9 10 11 12 13 14 15 |
---------------+----------------------------------------------+-----
Fighting       | 3 4 5 6 7 8 10 11 12 | 12.6
Axes           | 3 4 5 6 7 9 10 11 12 14 15 | 15.8
Armour         | 4 5 6 7 8 9 10 11 12 | 12.0
Shields        | 4 |  4.1
Invocations    | 1 3 5 6 7 9 10 11 12 13 | 13.1
Dodging        | 1 2 4 5 6 7 8 9 10 11 | 11.4
Evocations     | 1 5 7 9 10 | 10.0

Action                   |  1- 3 |  4- 6 |  7- 9 | 10-12 | 13-15 || total
-------------------------+-------+-------+-------+-------+-------++-------
Melee: War axe           |    65 |   130 |    28 |       |       ||   223
       Battleaxe         |       |       |   186 |   506 |   952 ||  1644
Invok: Lesser Servant of |       |       |       |    15 |     9 ||    24
 Abil: Heal Wounds       |     1 |    10 |    12 |    17 |    23 ||    63
Evoke: Wand              |       |       |       |     1 |     5 ||     6
  Use: Potion            |       |     1 |     3 |       |     1 ||     5
       Scroll            |       |       |     8 |    20 |     6 ||    34
 Stab: Distracted        |       |       |       |       |     7 ||     7
Armor: Scale mail        |    24 |    25 |       |       |       ||    49
       Chain mail        |       |    31 |   160 |   290 |   414 ||   895
       Skin              |       |       |     1 |       |    10 ||    11
       Plate armour      |       |       |       |       |   121 ||   121
Dodge: Dodged            |    20 |    36 |   112 |   347 |   973 ||  1488
Block: Kite shield       |    37 |    73 |    17 |       |       ||   127

Table legend: (Time is in decaauts)
 A = Elapsed time spent in this place.
 B = Non-inter-level travel time spent in this place.
 C = Inter-level travel time spent in this place.
 D = Time resting spent in this place.
 E = Time spent auto-exploring this place.
 F = Levels seen in this place.
 G = Mean time per level.
                   A        B        C        D        E       F      G
               +--------+--------+--------+--------+--------+-----+--------+
         Total |  16757 |  15181 |   1576 |    366 |  10921 |  27 |  620.6 |
       Dungeon |  11543 |  10510 |   1033 |    137 |   7588 |  15 |  769.5 |
        Temple |     14 |      2 |     12 |      0 |      0 |   1 |   14.0 |
          Lair |   2615 |   2230 |    385 |      0 |   1855 |   4 |  653.8 |
   Spider Nest |    393 |    371 |     22 |    100 |     95 |   4 |   98.2 |
  Orcish Mines |   1677 |   1555 |    122 |    129 |    998 |   2 |  838.5 |
         Sewer |    513 |    513 |      0 |      0 |    384 |   1 |  513.0 |
               +--------+--------+--------+--------+--------+-----+--------+

Top non-repeatable levels by time:
     D:7: 1360 daAuts
    D:13: 1337 daAuts
    D:15: 1159 daAuts
   Orc:2: 1147 daAuts
    D:12: 1050 daAuts
    D:11: 838 daAuts
  Lair:3: 822 daAuts
  Lair:2: 789 daAuts
     D:6: 763 daAuts
     D:5: 750 daAuts
     D:4: 749 daAuts
     D:9: 733 daAuts
     D:8: 718 daAuts
    D:14: 704 daAuts
  Lair:4: 672 daAuts
